 Dungeon Crawl Stone Soup version 0.21-a0-267-ga5fc350 (webtiles) character file.

32 Atop the Chucker (level 3, 0/58 HPs)
             Began as an Ogre Hunter on Sept 13, 2017.
             Slain by a rat (1 damage)
             ... on level 3 of the Dungeon.
             The game lasted 00:05:08 (312 turns).

Atop the Chucker (Ogre Hunter)                       Turns: 312, Time: 00:05:09

Health: 0/58       AC:  3    Str: 22    XL:     3   Next: 27%
Magic:  3/3        EV: 10    Int: 12    God:
Gold:   11         SH:  0    Dex:  9    Spells: 2/2 levels left

rFire    . . .     SeeInvis +   a - +0 short sword
rCold    . . .     Gourm    .   (no shield)
rNeg     . . .     Faith    .   b - +0 robe
rPois    .         Spirit   .   (helmet restricted)
rElec    .         Reflect  .   (no cloak)
rCorr    .         Harm     .   (gloves unavailable)
MR       .....                  (boots unavailable)
Stlth    ..........             (no amulet)
HPRegen  0.19/turn              h - ring of see invisible
MPRegen  0.08/turn              (no ring)

@: berserking, lethally poisoned (0 -> -1), very quick
A: unfitting armour, tough skin 1
a: no special abilities


You were on level 3 of the Dungeon.
You were not hungry.

You visited 1 branch of the dungeon, and saw 3 of its levels.

You collected 11 gold pieces.

Inventory:

Hand Weapons
 a - a +0 short sword (weapon)
Missiles
 c - 5 large rocks (quivered)
 d - 2 throwing nets
Armour
 b - a +0 robe (worn)
Jewellery
 h - a ring of see invisible (left hand)
Scrolls
 g - a scroll of teleportation {unknown}
 j - 2 scrolls of enchant weapon {unknown}
Potions
 e - a potion of berserk rage
 k - a potion of flight {unknown}
Comestibles
 f - a bread ration
 i - a meat ration


   Skills:
 + Level 3.9 Fighting
 - Level 4.0 Throwing
 + Level 2.5 Dodging
 - Level 0.6 Stealth


You had 2 spell levels left.
You didn't know any spells.

Dungeon Overview and Level Annotations

Branches:
Dungeon (3/15)

Altars:


Innate Abilities, Weirdness & Mutations

You are too large for most types of armour.
You have tough skin. (AC +1)


Message History

The adder closely misses you. x2
You hit the adder.
You kill the adder!
* * * LOW HITPOINT WARNING * * *
You feel sick.
* * * LOW HITPOINT WARNING * * *
You feel sick.
* * * LOW HITPOINT WARNING * * *
You feel sick.
Okay, then.
You swing at nothing.
It was a potion of berserk rage.
A red film seems to cover your vision as you go berserk!
You feel yourself moving faster!
You feel mighty! The rat closely misses you.
You closely miss the rat. The rat bites you but does no damage.
You barely miss the rat. The rat barely misses you.
You closely miss the rat.
* * * LOW HITPOINT WARNING * * *
You feel sick. The rat bites you.
You die...

+# .#
#####..
#.....#
#.....#
#.....#
#.....#
#...@.#####.
#...r.......
#...........
#..........#
#..........#
#..........#
####.#.....#
#.#......
###.#......


You could see a rat.

Vanquished Creatures
  2 adders (D:3)
  An ooze (D:2)
  An orc (D:3)
  A hobgoblin (D:2)
  4 jackals (D:3)
  A kobold (D:3)
10 creatures vanquished.

Notes
Turn   | Place    | Note
-------+----------+-------------------------------------------
     0 | D:1      | Atop the Ogre Hunter began the quest for the Orb.
     0 | D:1      | Reached XP level 1. HP: 22/22 MP: 1/1
   118 | D:3      | Reached XP level 2. HP: 7/31 MP: 2/2
   259 | D:3      | Reached XP level 3. HP: 11/39 MP: 3/3
   303 | D:3      | HP: 1/39 [poisoned by an adder]
   312 | D:3      | HP: 1/58 [poisoned by an adder]
   312 | D:3      | Slain by a rat

Vault maps used:
D:1:      onia_arrival_pentagram
D:2:      kiku_gazebo_garden_becter, first_bread, mrwooster_statue_mirror,
          minmay_pentomino_z2
D:3:      solitary_fountain, hangedman_glass_teeth, bloody_makhleb

Skill      XL: |  1 |
---------------+----+-----
Fighting       | 3 |  3.9
Dodging        | 2 |  2.5
Throwing       | |  4.0
Stealth        | |  0.6

Action                   || total
-------------------------++-------
Melee: Short sword       ||    41
Throw: Large rock        ||     3
  Use: Potion            ||     1
Armor: Robe              ||     7
Dodge: Dodged            ||    28

Table legend:
 A = Spawn XP
 B = Non-spawn XP
 C = Spawn XP percentage of total XP
 D = Spawn monster count
 E = Non-spawn monster count
 F = Spawn count percentage of total count
 G = Total turns spent on level
                    A         B        C        D         E        F      G
               +---------+---------+-------+---------+---------+-------+---------
         Total |       0 |      47 |   0.0 |       0 |      10 |   0.0 |   312
               +---------+---------+-------+---------+---------+-------+---------
           D:2 |       0 |       9 |   0.0 |       0 |       2 |   0.0 |    25
           D:3 |       0 |      38 |   0.0 |       0 |       8 |   0.0 |   247
               +---------+---------+-------+---------+---------+-------+---------
